 Dungeon Crawl Stone Soup version 0.19.0-22-gd96e5fe (webtiles) character file.

787 dvd the Chucker (level 7, -7/71 HPs)
             Began as an Ogre Hunter on Nov 19, 2016.
             Was a Follower of Ru.
             Shot with an arrow by a centaur (12 damage)
             ... on level 5 of the Dungeon.
             The game lasted 00:13:35 (5508 turns).

dvd the Chucker (Ogre Hunter)                       Turns: 5508, Time: 00:13:36

Health: -7/71      AC:  6    Str: 18    XL:     7   Next: 87%
Magic:  7/7        EV: 11    Int: 10    God:    Ru [*.....]
Gold:   287        SH:  0    Dex: 14    Spells: 0 memorised, 6 levels left

rFire  . . .     SeeInvis .     n - +0 mace
rCold  . . .     Gourm    .     b - +0 robe
rNeg   . . .     Faith    .     (no shield)
rPois  .         Spirit   .     (helmet restricted)
rElec  .         Reflect  .     (no cloak)
rCorr  .         Harm     .     (gloves unavailable)
MR     .....                    (boots unavailable)
Stlth  ++........               (no amulet)
                                o - +2 ring of dexterity
                                x - +3 ring of protection

@: no status effects
A: unfitting armour, tough skin 1, inability to train armour
a: Renounce Religion


You were on level 5 of the Dungeon.
You worshipped Ru.
Ru was aware of your devotion.
You were not hungry.

You visited 2 branches of the dungeon, and saw 6 of its levels.
You also visited: Sewer.

You collected 287 gold pieces.

Inventory:

Hand Weapons
 n - a +0 mace (weapon)
Missiles
 e - 137 stones (quivered)
Armour
 b - a +0 robe (worn)
Jewellery
 a - an uncursed ring of flight
 o - a +2 ring of dexterity (right hand)
 x - a +3 ring of protection (left hand)
Wands
 w - a wand of flame (25/48)
 y - a wand of confusion (35/48)
Scrolls
 c - a scroll of noise {unknown}
 g - 3 scrolls of random uselessness {unknown}
 i - 3 scrolls of fear {unknown}
 p - 3 scrolls of amnesia {unknown}
 r - 2 scrolls of recharging {unknown}
 s - 2 scrolls of identify {unknown}
 u - 2 scrolls of teleportation {unknown}
 v - 4 scrolls of magic mapping {unknown}
 A - a scroll of enchant weapon {unknown}
 B - a scroll of enchant armour {unknown}
 C - a scroll of fog {unknown}
Potions
 h - 2 potions of degeneration {unknown}
 j - 2 potions of might
 k - a potion of flight {unknown}
 l - 2 potions of curing
 m - a potion of cure mutation {unknown}
 t - a potion of ambrosia {unknown}
 D - a potion of magic {unknown}
Comestibles
 f - 3 bread rations
 q - a meat ration


   Skills:
 + Level 4.8 Fighting
 + Level 5.7 Maces & Flails
 + Level 6.2 Throwing
 + Level 3.7 Dodging
 + Level 1.7 Stealth


You had 6 spell levels left.
You didn't know any spells.

Dungeon Overview and Level Annotations

Branches:
Dungeon (5/15)             Temple (1/1) D:5

Altars:
Ashenzari
Cheibriados
Dithmenos
Elyvilon
Fedhas
Gozag
Hepliaklqana
Kikubaaqudgha
Makhleb
Nemelex Xobeh
Okawaru
Qazlal
Ru
Sif Muna
Trog
Uskayaw
Vehumet
Xom
Yredelemnul
Zin
The Shining One


Innate Abilities, Weirdness & Mutations

You are too large for most types of armour.
You have tough skin. (AC +1)
You cannot train Armour skill.


Message History

The centaur shoots an arrow.
The arrow hits you.
You see here an arrow.
The centaur shouts!
The centaur shoots an arrow.
The arrow closely misses you.
The centaur wields a shortbow.
The centaur shoots an arrow.
The arrow hits you!
You see here an arrow.
The centaur shoots an arrow.
The arrow closely misses you.
The centaur shoots an arrow.
The arrow hits you.
The centaur shoots an arrow.
The arrow hits you.
You see here an arrow.
The centaur shoots an arrow.
The arrow hits you.
You see here an arrow.
The centaur shoots an arrow.
The arrow hits you.
The centaur shoots an arrow.
The arrow hits you!
* * * LOW HITPOINT WARNING * * *
You see here an arrow.
The centaur shoots an arrow.
The arrow hits you!
* * * LOW HITPOINT WARNING * * *
The centaur shoots an arrow.
The arrow hits you!
You die...

#. #... .#.....#......# #. #..
#... '.....#......# +.
.##'###'####..... .##'#########.
#..............###.#............
#..........((..#...#............
#..............#...#............
#.........c....#...#........<...
#......(((c.(((##'##............
#.........#####@.........#######
###.......# #..........# #.
#.......# #..........# #.
#.......# #..........# #.
#.......# #..........# #.
#.......# #..........# ##
........# #.....#####.. #.....#
.. #.....#


You could see 2 centaurs.

Vanquished Creatures
  A sky beast (D:5)
  3 ogres
  A crimson imp (D:5)
  A bullfrog zombie (D:5)
  2 orc priests (D:5)
  An orc wizard (D:5)
  A worker ant (D:5)
  13 adders
  5 river rats
  An adder zombie (D:4)
  An adder skeleton (D:4)
  3 worms
  4 leopard geckos (D:2)
  9 orcs
  5 ball pythons
  9 bats
  2 giant cockroaches
  8 goblins
  4 hobgoblins
  3 jackals (D:5)
  11 frilled lizards
  8 kobolds
  2 leopard gecko skeletons
  12 rats
110 creatures vanquished.

Vanquished Creatures (others)
  A river rat (D:5)
1 creature vanquished.

Grand Total: 111 creatures vanquished

Notes
Turn   | Place    | Note
-------+----------+-------------------------------------------
     0 | D:1      | dvd the Ogre Hunter began the quest for the Orb.
     0 | D:1      | Reached XP level 1. HP: 22/22 MP: 1/1
   130 | D:1      | Reached XP level 2. HP: 29/29 MP: 2/2
   823 | D:2      | Reached XP level 3. HP: 24/36 MP: 3/3
  1019 | D:2      | Reached skill level 5 in Throwing
  1029 | D:2      | Reached XP level 4. HP: 44/44 MP: 4/4
  1157 | D:2      | Reached skill level 1 in Maces & Flails
  1521 | D:3      | Found a shattered altar of Ashenzari.
  2057 | D:4      | Reached XP level 5. HP: 53/53 MP: 5/5
  2301 | D:4      | Reached skill level 1 in Stealth
  2317 | D:4      | Found a sacrificial altar of Ru.
  2322 | D:4      | Became a worshipper of Ru the Awakened
  2387 | D:4      | Found a radiant altar of Vehumet.
  2445 | D:4      | Found a shimmering altar of Xom.
  2445 | D:4      | Found a snail-covered altar of Cheibriados.
  2445 | D:4      | Found a glowing silver altar of Zin.
  2489 | D:4      | Noticed an ogre
  2493 | D:4      | Killed an ogre
  2493 | D:4      | Reached XP level 6. HP: 61/61 MP: 6/6
  2891 | D:5      | Entered Level 5 of the Dungeon
  3149 | D:5      | Found a glowing drain.
  3360 | Sewer    | Entered a sewer
  3903 | Sewer    | Reached XP level 7. HP: 70/70 MP: 7/7
  4070 | D:5      | Gained mutation: You cannot train Armour skill. [Ru sacrifice]
  4070 | D:5      | Reached * piety under Ru
  4112 | D:5      | Reached skill level 6 in Throwing
  4353 | D:5      | Reached skill level 5 in Maces & Flails
  4366 | D:5      | HP: 1/70 [orc priest/nerve-wracking pain (10)]
  4900 | D:5      | Found a staircase to the Ecumenical Temple.
  4908 | Temple   | Entered the Ecumenical Temple
  5508 | D:5      | Shot with an arrow by a centaur

Skill      XL: |  1  2  3  4  5  6  7 |
---------------+----------------------+-----
Dodging        | 2 3 |  3.7
Throwing       | 5 6 |  6.2
Fighting       | 3 4 |  4.8
Maces & Flails | 1 3 4 5 |  5.7
Stealth        | 1 |  1.7

Action                   |  1- 3 |  4- 6 |  7- 9 || total
-------------------------+-------+-------+-------++-------
Melee: Unarmed           |    26 |       |       ||    26
       Mace              |    31 |   260 |   103 ||   394
Throw: Large rock        |    32 |    33 |    13 ||    78
       Throwing net      |     2 |     4 |       ||     6
       Stone             |       |     5 |    14 ||    19
Invok: Sacrifice Durabil |       |       |     1 ||     1
  Use: Potion            |       |       |     3 ||     3
 Stab: Sleeping          |       |     3 |     1 ||     4
       Held in net/web   |       |     2 |       ||     2
  Eat: Chunk             |       |     5 |     5 ||    10
       Meat ration       |       |     1 |       ||     1
Armor: Robe              |    21 |   120 |    39 ||   180
Dodge: Dodged            |    38 |   172 |    68 ||   278
